 Dungeon Crawl Stone Soup version 0.31-a0-986-g5e6e4ef867 (webtiles) character file.

Game seed: 16237543330205575602

65 lunkers the Insei (level 4, 0/18 HPs)
             Began as a Meteoran Shapeshifter on Nov 7, 2023.
             Slain by a gnoll
             ... wielding a +0 halberd
              (3 damage)
             ... on level 3 of the Dungeon.
             The game lasted 00:01:29 (728 turns).

lunkers the Insei (Meteoran Shapeshifter)            Turns: 728, Time: 00:01:30

Health: 0/18       AC:  5    Str: 20    XL:     4   Next: 62%
Magic:  5/5        EV: 10    Int: 12    God:
Gold:   76         SH:  0    Dex: 15    Spells: 3/3 levels left

rFire   . .          .
                       - Unarmed
rCold   . . .        (shield currently unavailable)
rNeg    . . .        l - melded +0 leather armour
rPois   .            (helmet currently unavailable)
rElec   .            (cloak currently unavailable)
rCorr   .            (gloves currently unavailable)
SInv    .            (boots currently unavailable)
Will    .....        (no amulet)
Stlth   +            (no ring)
HPRegen 0.23/turn    (no ring)
MPRegen 0.09/turn

%: no passive effects
@: snake-form, glowing
A: constrict, reduced hp, large, sense surroundings 1, otherworldly, glowing,
explore regen
a: Begin Untransformation


You were on level 3 of the Dungeon.
You were an enormous anaconda.
You visited 1 branch of the dungeon, and saw 3 of its levels.

You collected 76 gold pieces.

Inventory:

Armour
 a - a +0 animal skin
 i - a scarf of harm
 j - a scarf of resistance
 l - a +0 leather armour (melded)
Talismans
 c - a beast talisman
 d - a flux talisman
 n - a serpent talisman (active)
Wands
 m - a wand of flame (23)
Scrolls
 e - a scroll of poison {unknown}
 h - a scroll of teleportation {unknown}
 k - a scroll of enchant armour {unknown}
Potions
 b - a potion of lignification
 f - 2 potions of brilliance {unknown}
 g - a potion of curing {unknown}
 o - a potion of cancellation {unknown}


   Skills:
 - Level 1.1 Fighting
 - Level 2.1 Dodging
 * Level 5.2 Unarmed Combat
 + Level 4.3 Shapeshifting


You had 3 spell levels left.
You didn't know any spells.
Your spell library contained the following spells:

 Spells                   Type           Power      Damage    Failure   Level
 Sandblast                Erth           0%         2d4       32%         1
 Ensorcelled Hibernation  Hex/Ice        0%         N/A       45%         2
 Passwall                 Tmut/Erth      0%         N/A       45%         2
 Stone Arrow              Conj/Erth      0%         3d7       69%         3
 Swiftness                Air            0%         N/A       69%         3
 Volatile Blastmotes      Fire/Tloc      0%         2d10      69%         3
 Animate Dead             Necr           0%         N/A       97%         4
 Brom's Barrelling Bould  Conj/Erth      0%         2d3       97%         4
 Borgnjor's Vile Clutch   Necr/Erth      0%         N/A       100%        5
 Fireball                 Conj/Fire      0%         3d3       100%        5
 Death Channel            Necr           0%         N/A       100%        6


Dungeon Overview and Level Annotations

Branches:
Dungeon (3/15) Zot: 1078

Altars:
Yredelemnul


Innate Abilities, Weirdness & Mutations

You are an enormous anaconda.
You have a powerful constriction melee attack.
Your maximum health is decreased, since you lack skill for your form.
Your armour is entirely melded.
You are incapable of wielding weapons or throwing items.
You passively map a small area around you.
You are easily found by Zot.
You glow in the dark.
You regain HP and MP as you explore.


Message History

No target in view!
No target in view!
No target in view!
No target in view!
No target in view!
No target in view!
You see here an adder corpse.
Found a stone staircase leading up.
No target in view!
o - a fuming blue potion No target in view!
You open the door.
There is an open door here.
There is a stone staircase leading up here.
Done exploring.
No target in view!
No target in view!
What level of the Dungeon? (default 1, ? - help)
You see here an adder corpse.
There is a stone staircase leading down here.
You climb downwards.
There is a stone staircase leading up here.
A gnoll comes into view. It is wielding a +0 spear.
A gnoll is nearby!
A gnoll comes into view. It is wielding a +0 halberd.
The gnoll shouts!
A gnoll comes into view. It is wielding a +0 spear.
The gnoll hits you with a +0 spear.
You hit the gnoll. You grab the gnoll.
The gnoll is heavily wounded.
You constrict the gnoll. You lash the gnoll!
You kill the gnoll!
The gnoll hits you from afar with a +0 halberd!
Ouch! That really hurt!
* * * LOW HITPOINT WARNING * * *
You see here a +0 spear.
The gnoll attacks as it pursues you!
The gnoll hits you from afar with a +0 halberd.
You die...

*
###################
,
#.....g).g.S......#
*
#.###############.#
, * , ..#.# * *
#####.#.# #<..#.#.#
, * ###.#.#.### , ,
,* #........# * * <
*#........# , * *
#........#


You could see 2 gnolls.

Vanquished Creatures
  A gnoll (D:3)
  An adder (D:2)
  A worm (D:2)
  2 dart slugs
  5 endoplasms
  A giant cockroach (D:1)
  4 goblins
  2 hobgoblins
  4 jackals (D:2)
  5 quokkas
  2 bats
  A frilled lizard (D:2)
  4 kobolds
  4 rats
37 creatures vanquished.

Notes
Turn   | Place    | Note
-------+----------+-------------------------------------------
     0 | D:1      | lunkers the Meteoran Shapeshifter began the quest for the
                  | Orb.
     0 | D:1      | Reached XP level 1. HP: 16/16 MP: 2/2
   130 | D:1      | Reached XP level 2. HP: 9/23 MP: 3/3
   152 | D:1      | Reached skill level 4 in Unarmed Combat
   239 | D:1      | Reached XP level 3. HP: 20/28 MP: 4/4
   289 | D:2      | Identified the "Mumpej"
   415 | D:2      | Reached XP level 4. HP: 35/35 MP: 5/5
   504 | D:2      | Found a basalt altar of Yredelemnul.
   576 | D:2      | Reached skill level 5 in Unarmed Combat
   728 | D:3      | Slain by a gnoll

Illustrated notes

Levels and vault maps discovered:
D:1:      co_arrival_square_in_a_square_in_a_square, layout_rooms,
          shapermc_ecumenical_altar_mp_highgroup
D:2:      layout_basic, basic_altar, serial_bayou_pond_e
D:3:      layout_basic, lemuel_zombie_altar_kikubaaqudgha,
          kennysheep_generic_room_11

Skill      XL: |  1  2  3  4 |
---------------+-------------+-----
Unarmed Combat | 4 5 |  5.2
Shapeshifting  | 4 |  4.3
Fighting       | |  1.1
Dodging        | |  2.1

Action                     |  1- 3 |  4- 6 || total
---------------------------+-------+-------++-------
  Melee: Unarmed           |    84 |    15 ||    99
         Punch             |     3 |       ||     3
         Constrict         |       |     1 ||     1
 Armour: Animal skin       |    43 |     2 ||    45
         Skin              |       |     6 ||     6
  Dodge: Dodged            |    54 |     2 ||    56
   Form: Anaconda          |       |     1 ||     1

Table legend: (Time is in decaauts)
 A = Elapsed time spent in this place.
 B = Non-inter-level travel time spent in this place.
 C = Inter-level travel time spent in this place.
 D = Time resting spent in this place.
 E = Time spent auto-exploring this place.
 F = Levels seen in this place.
 G = Mean time per level.
                   A        B        C        D        E       F      G
               +--------+--------+--------+--------+--------+-----+--------+
         Total |    720 |    705 |     15 |      0 |    435 |   3 |  240.0 |
       Dungeon |    720 |    705 |     15 |      0 |    435 |   3 |  240.0 |
               +--------+--------+--------+--------+--------+-----+--------+

Top non-repeatable levels by time:
     D:2: 408 daAuts
     D:1: 285 daAuts
     D:3: 27 daAuts
